 Dungeon Crawl Stone Soup version 0.14.0-6-g1bc2dff (webtiles) character file.

9650 Medar the Cleaver (level 11, -1/89 HPs)
             Began as a Hill Orc Healer on Apr 11, 2014.
             Was a High Priest of Elyvilon.
             Slain by a boulder beetle (35 damage)
             ... on Level 4 of the Lair of Beasts on Apr 12, 2014.
             The game lasted 01:11:29 (19733 turns).

Medar the Cleaver (Hill Orc Healer)                Turns: 19733, Time: 01:11:29

HP  -1/89        AC 11     Str 25      XL: 11   Next: 40%
MP  26/27        EV 10     Int 12      God: Elyvilon [*****.]
Gold 600         SH  9     Dex 10      Spells:  2 memorised,  7 levels left

rFire  . . .     SeeInvis .     a - +1 war axe (chop)
rCold  . . .     Clarity  .     g - +2 ring mail
rNeg   . . .     Conserve .     M - +0 buckler
rPois  .         rCorr    .     y - +1 hat
rElec  .         rRot     .     j - +0 cloak
SustAb . .       Spirit   .     K - +0 pair of gloves
rMut   .         Warding  .     (no boots)
Gourm  +         Stasis   .     Y - amulet of the gourmand
MR     +....                    T - +1 ring of strength
                                l - ring of protection from magic

@: mighty, somewhat resistant to hostile enchantments, extremely unstealthy
A: horns 1, saprovore 1
a: Lesser Healing, Lesser Self-Healing, Divine Protection, Purification, Greater
Healing, Greater Self-Healing, Divine Vigour, Renounce Religion


You were on level 4 of the Lair of Beasts.
You worshipped Elyvilon.
Elyvilon was extremely pleased with you.
You were hungry.

You visited 2 branches of the dungeon, and saw 15 of its levels.

You collected 600 gold pieces.

Inventory:

Hand weapons
 a - a +1,+1 war axe of chopping (weapon)
 N - the +2,+10 morningstar of the Heavens {crush, rElec MR+}
   (You found it on level 8 of the Dungeon)

   It inflicts extra damage upon your enemies.
   It insulates you from electricity.
   It affects your resistance to hostile enchantments.
Missiles
 H - 13 tomahawks (quivered)
Armour
 g - a +2 ring mail (worn)
 j - a +0 cloak (worn)
 y - a +1 hat (worn)
 K - a +0 pair of gloves (worn)
 M - a +0 buckler (worn)
Magical devices
 q - a wand of slowing (6)
 C - a wand of teleportation (3)
 E - a wand of flame (8)
 I - a wand of cold (11)
 L - a wand of lightning (3)
 V - a wand of paralysis (14)
Comestibles
 u - a bread ration
Scrolls
 e - 3 scrolls of fog
 f - 4 scrolls of teleportation
 h - 3 scrolls of blinking
 i - 4 scrolls of fear
 w - a scroll of silence {!r}
 R - 3 scrolls of remove curse
Jewellery
 l - a ring of protection from magic (left hand)
 m - an uncursed ring of ice
 T - a +1 ring of strength (right hand)
 Y - an amulet of the gourmand (around neck)
Potions
 b - 6 potions of curing
 c - 2 potions of heal wounds
 o - a potion of brilliance
 s - a potion of invisibility
 v - 3 potions of might
 x - 2 potions of flight
 z - 3 potions of restore abilities
 P - 2 potions of haste
Miscellaneous
 U - a phial of floods (inert)


   Skills:
 - Level 6.0 Fighting
 - Level 14.1 Axes
 - Level 3.8 Armour
 - Level 2.0 Dodging
 + Level 4.9 Shields
 - Level 13.7 Invocations


You had 7 spell levels left.
You knew the following spells:

 Your Spells              Type           Power        Failure   Level  Hunger
p - Apportation           Tloc           #.........   34%         1    ##.....
w - Blink                 Tloc           N/A          52%         2    ###....


Dungeon Overview and Level Annotations

Branches:
Dungeon (11/15)            Temple (0/1) D:5            Lair (4/8) D:10
 Shoals (0/5) Lair:3
    Orc: D:9-12       Swamp: Lair:3-6     Snake: Lair:3-6    Spider: Lair:3-6

Altars:
Fedhas
The Shining One

Shops:
D:7 %

Annotations:
D:9 exclusion: oklob plant
Lair:4 Erica, Harold


Innate Abilities, Weirdness & Mutations

You can tolerate rotten meat.
You have a pair of small horns on your head.


Message History

You are feeling hungry.
You hit the boulder beetle.
You headbutt the boulder beetle, but do no damage.
The boulder beetle is heavily wounded.
The boulder beetle bites you.
Drink which item? (? for menu, Esc to quit)
You feel very mighty all of a sudden.
You completely miss the boulder beetle. You headbutt the boulder beetle.
The boulder beetle is heavily wounded.
You hit the boulder beetle.
You headbutt the boulder beetle, but do no damage.
The boulder beetle is heavily wounded.
The boulder beetle bites you!
You slash the boulder beetle!
You headbutt the boulder beetle, but do no damage.
The boulder beetle is severely wounded.
You hit the boulder beetle.
The boulder beetle is severely wounded.
The boulder beetle bites you!
You die...

###.# ## ###...###P# .
.......... ..
##.......>. ....
.####........###.....
..............#..f...
$.........?..........
.........B....P...##...
#.......@........j.....
......>........##......
....##.....#f.##..#...
. #....P###$##....h
#....#######...
#...?..# #..#
....#.....## ##..###
..........#####.....#♣
....................♣


You could see a boulder beetle.

Vanquished Creatures
  A hill giant (D:10)
  A hydra zombie (D:9)
  A wyvern (D:8)
  A steam dragon (D:8)
  2 yaks
  A deep elf mage (D:8)
  A deep elf fighter (D:10)
  2 hungry ghosts
  A wolf (Lair:4)
  A water moccasin (Lair:3)
  2 ogres
  A phantom (D:8)
  A sky beast (D:5)
  A yellow wasp (D:9)
  A centaur (D:8)
  2 crocodiles
  2 big kobolds
  2 giant slugs (Lair:1)
  A giant frog (Lair:1)
  5 scorpions
  A jelly (D:8)
  A hippogriff zombie (D:6)
  A water moccasin skeleton (D:8)
  5 killer bees (D:8)
  A goliath beetle (D:9)
  A yellow wasp zombie (D:7)
  A crimson imp (D:7)
  2 hounds
  An iguana (D:10)
  An orc wizard (D:7)
  4 worker ants
  A sheep (Lair:1)
  6 gnolls
  3 worker ant zombies
  6 adders
  2 green rats
  2 shadow imps
  2 giant mites
  11 worms
  2 adder skeletons (D:5)
  2 giant eyeballs
  An ooze (D:4)
  10 orcs
  6 giant cockroaches
  6 goblins
  7 hobgoblins
  4 jackals
  8 kobolds
  A quokka (Lair:1)
  16 bats
  4 giant geckos
  6 giant newts
  A giant spore (D:10)
  2 hobgoblin skeletons
  A kobold zombie (D:7)
  An orc zombie (D:6)
  A quokka zombie (D:5)
  18 rats
  3 ballistomycetes
  2 fungi (D:10)
184 creatures vanquished.

Vanquished Creatures (others)
  A water elemental (D:10)
  2 yaks
  A crocodile (Lair:2)
  A centaur (D:8)
  2 giant frogs (D:9)
  5 hounds
  A quasit (D:6)
  6 sheep (Lair:1)
  3 green rats
  An adder (Lair:3)
  12 orcs
  5 bats
  A giant cockroach (D:2)
  A goblin (D:1)
  A hobgoblin (D:8)
  4 jackals
  2 quokkas
  2 giant geckos
  A giant spore (D:9)
  7 kobolds
  11 rats
  A fungus (D:10)
  A plant (D:10)
72 creatures vanquished.

Grand Total: 256 creatures vanquished

Notes
Turn   | Place    | Note
--------------------------------------------------------------
     0 | D:1      | Medar, the Hill Orc Healer, began the quest for the Orb.
     0 | D:1      | Reached XP level 1. HP: 16/16 MP: 2/2
   479 | D:1      | Reached skill level 4 in Invocations
   667 | D:1      | Reached XP level 2. HP: 17/23 MP: 2/4
  1828 | D:2      | Reached skill level 5 in Invocations
  1981 | D:2      | Reached XP level 3. HP: 15/29 MP: 4/6
  2190 | D:2      | Reached skill level 1 in Axes
  3054 | D:3      | Reached XP level 4. HP: 36/36 MP: 6/8
  3857 | D:3      | Gained mutation: You have a pair of small horns on your head. [potion of beneficial mutation]
  3968 | D:4      | Reached XP level 5. HP: 41/41 MP: 6/9
  4071 | D:4      | Paralysed by a giant eyeball for 4 turns
  4077 | D:4      | Paralysed by a giant eyeball for 4 turns
  4125 | D:4      | Reached skill level 5 in Axes
  4216 | D:4      | Acquired Elyvilon's third power
  4418 | D:4      | Noticed an ogre
  4905 | D:4      | Noticed a phantom
  5321 | D:5      | Entered Level 5 of the Dungeon
  5359 | D:5      | Noticed a sky beast
  5362 | D:5      | Pacified a sky beast
  5362 | D:5      | Reached skill level 6 in Axes
  5362 | D:5      | Reached XP level 6. HP: 48/48 MP: 8/11
  5417 | D:5      | Found a staircase to the Ecumenical Temple.
  5428 | D:5      | Noticed an ogre
  6505 | D:4      | Reached skill level 1 in Armour
  7268 | D:5      | Paralysed by a giant eyeball for 4 turns
  7320 | D:5      | Noticed a sky beast
  7336 | D:5      | Killed a sky beast
  7336 | D:5      | Reached XP level 7. HP: 48/57 MP: 13/13
  8665 | D:6      | Reached skill level 7 in Invocations
  9208 | D:7      | Reached XP level 8. HP: 24/64 MP: 18/18
  9489 | D:7      | Found Cachaum's Food Shop.
  9489 | D:7      | Noticed a hungry ghost
  9503 | D:7      | Killed a hungry ghost
  9503 | D:7      | Reached skill level 8 in Axes
  9620 | D:7      | Reached skill level 9 in Axes
 10158 | D:7      | Reached skill level 10 in Axes
 10555 | D:8      | Noticed a hill giant
 10797 | D:8      | Reached skill level 11 in Axes
 11007 | D:8      | Reached XP level 9. HP: 40/70 MP: 19/19
 11166 | D:8      | Reached skill level 12 in Axes
 11280 | D:8      | Learned a level 2 spell: Blink
 11282 | D:8      | Learned a level 1 spell: Apportation
 11295 | D:8      | Got a twisted morningstar
 11296 | D:8      | Identified the +2,+10 morningstar of the Heavens {crush, rElec MR+} (You found it on level 8 of the Dungeon)
 11980 | D:8      | Found a glowing golden altar of the Shining One.
 11988 | D:8      | Reached skill level 13 in Axes
 13211 | D:9      | Reached skill level 14 in Axes
 13371 | D:9      | Reached XP level 10. HP: 52/77 MP: 13/22
 13627 | D:9      | Got a faintly glowing whip
 13628 | D:9      | Identified the cursed +0,+3 whip of Dung {speed, -Cast rN+ Int+4 Stlth--} (You found it on level 9 of the Dungeon)
 13756 | D:9      | Reached skill level 10 in Invocations
 13971 | D:9      | Found a blossoming altar of Fedhas.
 14003 | D:9      | Noticed an oklob plant
 14300 | D:10     | Entered Level 10 of the Dungeon
 14417 | D:10     | Noticed a hill giant
 14424 | D:10     | Killed a hill giant
 14424 | D:10     | Reached skill level 5 in Fighting
 14519 | D:10     | Noticed a hill giant
 15606 | D:10     | Found a staircase to the Lair.
 15632 | Lair:1   | Entered Level 1 of the Lair of Beasts
 16102 | Lair:1   | Noticed a six-headed hydra
 16104 | Lair:1   | Pacified a six-headed hydra
 16655 | Lair:2   | Noticed a five-headed hydra
 16656 | Lair:2   | Pacified a five-headed hydra
 16806 | Lair:2   | Reached XP level 11. HP: 89/89 MP: 25/27
 16950 | Lair:2   | Noticed a black mamba
 16954 | Lair:2   | Pacified a black mamba
 17730 | Lair:3   | Acquired Elyvilon's fourth power
 17736 | Lair:3   | Found a staircase to the Shoals.
 17934 | Lair:3   | Reached skill level 1 in Shields
 18293 | Lair:4   | Noticed Harold
 18311 | Lair:4   | Noticed a four-headed hydra
 18315 | Lair:4   | Pacified a four-headed hydra
 18408 | Lair:4   | Noticed Erica
 19733 | Lair:4   | Slain by a boulder beetle

Action                   |  1- 3 |  4- 6 |  7- 9 | 10-12 || total
-------------------------+-------+-------+-------+-------++-------
Melee: Unarmed           |   118 |       |       |       ||   118
       Dagger            |    33 |       |       |       ||    33
       Hand axe          |    88 |   268 |    80 |       ||   436
       War axe           |       |       |   240 |   193 ||   433
       Whip              |       |       |       |     6 ||     6
Invok: Lesser Healing    |    31 |    53 |   107 |   133 ||   324
       Greater Healing   |       |     2 |     7 |    14 ||    23
       Purification      |       |       |     2 |       ||     2
       Lesser Self-Heali |       |       |     1 |       ||     1
       Greater Self-Heal |       |       |       |     1 ||     1
Evoke: Wand              |       |       |     6 |     8 ||    14
       Phial of floods   |       |       |       |     1 ||     1
  Use: Scroll            |     3 |     8 |     7 |     8 ||    26
       Potion            |       |     1 |     5 |     1 ||     7
 Stab: Distracted        |       |       |     1 |       ||     1
